 Dungeon Crawl Stone Soup version 0.27.1-4-g1640c2035a (webtiles) character file.

Game seed: 5586106705387716878

1358 Descartes the Gusty (level 8, -1/41 HPs)
             Began as a Deep Elf Wanderer on Nov 14, 2021.
             Was an Initiate of Gozag.
             Slain by a shadow (31 damage)
             ... on level 8 of the Dungeon.
             The game lasted 00:35:58 (8360 turns).

Descartes the Gusty (Deep Elf Wanderer)             Turns: 8360, Time: 00:35:59

Health: -1/41      AC:  7    Str:  8    XL:     8   Next: 37%
Magic:  13/17      EV: 28    Int: 22    God:    Gozag
Gold:   691        SH:  0    Dex: 13    Spells: 8/17 levels left

rFire    . . .     SeeInvis .   k - +2 dagger (venom)
rCold    + . .     Faith    .   (no shield)
rNeg     . . .     Spirit   .   a - +3 leather armour {rC+}
rPois    .         Reflect  .   (no helmet)
rElec    .         Harm     .   (no cloak)
rCorr    .         Rampage  .   (no gloves)
Will     .....                  b - +0 pair of boots
Stlth    +++.......             g - amulet of the acrobat
HPRegen  0.13/turn              (no ring)
MPRegen  0.15/turn              (no ring)

@: acrobatic
A: no striking features
a: Renounce Religion, Potion Petition, Call Merchant, Bribe Branch


You were on level 8 of the Dungeon.
You worshipped Gozag.
Gozag was pleased with you.
You visited 2 branches of the dungeon, and saw 8 of its levels.

You collected 748 gold pieces.
You paid 57 gold pieces to Gozag.

Inventory:

Hand Weapons
 k - a +2 dagger of venom (weapon)
Missiles
 d - 137 stones (quivered)
 e - 62 arrows
 h - 13 boomerangs
 o - 17 poisoned darts
Armour
 a - a +3 leather armour of cold resistance (worn)
 b - a +0 pair of boots (worn)
Magical Staves
 i - a staff of earth
Jewellery
 g - an amulet of the acrobat (around neck)
Wands
 n - a wand of flame (13)
Scrolls
 j - a scroll of blinking
 l - a scroll of immolation
 p - 2 scrolls of amnesia {unknown}
 q - a scroll of fear {unknown}
 r - a scroll of torment {unknown}
 s - a scroll of acquirement {unknown}
 t - 2 scrolls of noise {unknown}
 u - a scroll of enchant weapon {unknown}
 v - a scroll of teleportation
Potions
 c - 2 potions of curing {unknown}
 f - a potion of might
 m - a potion of mutation {unknown}


   Skills:
 + Level 4.7 Dodging
 - Level 5.0 Stealth
 - Level 1.0 Shields
 - Level 5.0 Spellcasting
 + Level 4.6 Conjurations
 - Level 1.2 Necromancy
 + Level 4.9 Ice Magic
 + Level 5.3 Air Magic
 - Level 3.0 Earth Magic
 - Level 1.1 Evocations


You had 8 spell levels left.
You knew the following spells:

 Your Spells              Type           Power      Damage    Failure   Level
a - Shock                 Conj/Air       100%       1d9       1%          1
b - Freeze                Ice            100%       1d11      1%          1
c - Airstrike             Air            14%        N/A       16%         4
d - Stone Arrow           Conj/Erth      44%        3d9       10%         3

Your spell library contained the following spells:

 Spells                   Type           Power      Damage    Failure   Level
 Static Discharge         Conj/Air       27%        N/A       2%          2
 Searing Ray              Conj           52%        3d5       3%          2
 Swiftness                Air            28%        N/A       4%          3
 Frozen Ramparts          Ice            54%        1d7       6%          3
 Pain                     Necr           40%        1d6       9%          1
 Bolt of Magma            Conj/Fire/Erth 8%         4d6       82%         5
 Agony                    Necr           10%        N/A       94%         5
 Excruciating Wounds      Necr           5%         N/A       94%         5
 Shatter                  Erth           9%         3d11*     100%        9


Dungeon Overview and Level Annotations

Branches:
Dungeon (6/15)             Temple (1/1) D:4

Altars:
Ashenzari
Cheibriados
Elyvilon
Fedhas
Gozag
Hepliaklqana
Kikubaaqudgha
Makhleb
Nemelex Xobeh
Okawaru
Qazlal
Ru
Trog
Uskayaw
Vehumet
Wu Jian
Xom
Yredelemnul
Zin

Shops:
D:6 *


Message History

A centaur zombie comes into view.
The howler monkey hoots and howls with incredible vigour! x2
You hear an angry hiss.
You hear a shout! x2
A wyvern comes into view.
There are monsters nearby!
There are monsters nearby!
There are monsters nearby!
The howler monkey hoots and howls with incredible vigour!
The wyvern hisses menacingly.
The shadow strikes at you from the darkness!
Reactivating autopickup.
You hear a shout!
The shadow slips into darkness.
The shadow flickers and vanishes!
Deactivating autopickup; reactivate with Ctrl-A.
The howler monkey hoots and howls with incredible vigour! x2
You hear a shout!
The howler monkey hoots and howls with incredible vigour!
Found a leather armour.
The howler monkey misses you.
Your magical contamination has completely faded away.
You see here a +0 leather armour.
The howler monkey hoots and howls with incredible vigour!
A kobold comes into view. It is wielding a +0 club.
The kobold shouts!
You hear a shout!
The howler monkey hoots and howls with incredible vigour!
A kobold comes into view. It is wielding a +0 short sword.
A kobold comes into view. It is wielding a +0 dagger.
The howler monkey misses you.
There are monsters nearby!
There are monsters nearby!
There are monsters nearby!
Unknown command.
There are monsters nearby!
The wyvern completely misses you. The wyvern completely misses you.
The shadow strikes at you from the darkness!
Ouch! That really hurt!
You die...
Your body crumbles into a pile of gold.

###### #....# . #....#
..............
#....####..............
######...l.@................
#........h#####..:..........
##......K...###........$....
####..5..#.................
#[........KK...h......=.
#.#########....Z........
#....### #l......./....
####...## #............(
###..###.......).....


You could see a wyvern, a howler monkey, a white imp and a kobold.

Vanquished Creatures
  Sigmund (D:4)
  2 sky beasts (D:5)
  A necrophage (D:5)
  4 ogres
  3 scorpions
  A hound (D:5)
  2 orc priests (D:5)
  A gnoll shaman (D:5)
  A bullfrog skeleton (D:6)
  An iguana (D:5)
  A hound zombie (D:5)
  4 gnolls (D:5)
  10 adders
  2 adder skeletons
  A dart slug (D:4)
  12 orcs
  5 ball pythons
  4 bats
  4 endoplasms
  3 giant cockroaches
  6 goblins
  4 hobgoblins
  5 jackals
  4 quokkas
  A frilled lizard (D:1)
  8 kobolds
  3 rats
94 creatures vanquished.

Notes
Turn   | Place    | Note
-------+----------+-------------------------------------------
     0 | D:1      | Descartes the Deep Elf Wanderer began the quest for the
                  | Orb.
     0 | D:1      | Descartes set off with the following items: a +0 dagger, a
                  | +0 robe; and the following spells available to memorise:
                  | Shock, Freeze, Static Discharge, Swiftness, Searing Ray,
                  | Frozen Ramparts, Airstrike
     0 | D:1      | Reached XP level 1. HP: 10/10 MP: 7/7
     2 | D:1      | Learned a level 1 spell: Shock
     4 | D:1      | Learned a level 1 spell: Freeze
   338 | D:1      | Reached XP level 2. HP: 13/15 MP: 3/9
  1016 | D:1      | Reached skill level 1 in Conjurations
  1055 | D:1      | Found a faded altar of an unknown god.
  1434 | D:2      | Reached skill level 1 in Stealth
  1506 | D:2      | Reached skill level 1 in Dodging
  1506 | D:2      | Reached XP level 3. HP: 11/19 MP: 4/10
  1846 | D:2      | You fall into a shaft and drop 2 floors!
  1858 | D:4      | Noticed a scorpion
  1866 | D:4      | Killed a scorpion
  1867 | D:4      | Reached XP level 4. HP: 24/24 MP: 4/12
  1930 | D:4      | Found a staircase to the Ecumenical Temple.
  1939 | Temple   | Entered the Ecumenical Temple
  2229 | Temple   | Became a worshipper of Gozag Ym Sagoz the Greedy
  2310 | D:4      | Noticed Sigmund
  2387 | D:3      | Learned a level 4 spell: Airstrike
  2391 | D:3      | Learned a level 3 spell: Stone Arrow
  2476 | D:3      | You fall into a shaft and drop 1 floor!
  2488 | D:4      | Noticed an ogre
  3252 | D:2      | Reached XP level 5. HP: 26/28 MP: 7/13
  4104 | D:4      | Found a bloodstained altar of Trog.
  4132 | D:4      | Noticed an ogre
  4573 | D:3      | Killed an ogre
  4574 | D:3      | Reached skill level 1 in Earth Magic
  5555 | D:4      | Killed Sigmund
  5556 | D:4      | Reached skill level 5 in Spellcasting
  5556 | D:4      | Reached XP level 6. HP: 32/32 MP: 2/15
  5950 | D:5      | Entered Level 5 of the Dungeon
  5950 | D:5      | Noticed a sky beast
  6043 | D:5      | Killed a sky beast
  6044 | D:5      | Reached XP level 7. HP: 36/36 MP: 11/16
  7228 | D:5      | Reached XP level 8. HP: 41/41 MP: 11/17
  7272 | D:5      | Reached skill level 5 in Stealth
  7272 | D:5      | Reached skill level 5 in Air Magic
  8194 | D:6      | Found Geovoq's General Store.
  8332 | D:6      | You fall into a shaft and drop 2 floors!
  8360 | D:8      | Slain by a shadow

Illustrated notes

Levels and vault maps discovered:
D:1:      dpeg_arrival_fog, layout_basic, shapermc_ecumenical_altar_mp_vishouse
D:2:      layout_loops_ring
D:3:      layout_loops_ring
D:4:      layout_basic, mainiacjoe_overflow_alcove_4,
          minmay_temple_entry_large_hall, minmay_misc_feat_cross,
          small_statue_intersection, uniq_sigmund
D:5:      wad_river_or_something, layout_cave_pools,
          chequers_serial_rivers_large_a, grunt_ministairs_14
D:6:      layout_layer_cave, tso_oasis_becter, serial_shops,
          nicolae_diamond_shop, minmay_fractal_squares_5
D:8:      layout_rooms, grunt_dithmenos_smoke_and_mirrors, wad_floor_pattern_2,
          hangedman_abyss_or_decor_slice
Temple:   dpeg_five_rooms_temple

Skill      XL: |  1  2  3  4  5  6  7  8 |
---------------+-------------------------+-----
Conjurations   | 1 2 3 4 |  4.6
Stealth        | 1 2 3 4 5 |  5.0
Dodging        | 1 2 3 4 |  4.7
Ice Magic      | 2 3 4 |  4.9
Earth Magic    | 1 2 3 |  3.0
Spellcasting   | 5 |  5.0
Air Magic      | 4 5 |  5.3
Shields        | |  1.0
Necromancy     | |  1.2
Evocations     | |  1.1

Action                   |  1- 3 |  4- 6 |  7- 9 || total
-------------------------+-------+-------+-------++-------
Melee: Dagger            |       |       |     3 ||     3
 Cast: Shock             |    51 |    47 |    49 ||   147
       Freeze            |    15 |     9 |     9 ||    33
       Airstrike         |       |    15 |    28 ||    43
Evoke: Wand              |       |       |     3 ||     3
  Use: Potion            |     1 |       |     2 ||     3
       Scroll            |     4 |     3 |       ||     7
Armor: Leather armour    |       |     2 |     2 ||     4
Dodge: Dodged            |     8 |     4 |     9 ||    21
